 Dungeon Crawl Stone Soup version 0.26.0-16-gc1dbca0489 (webtiles) character file.

Game seed: 17479043787162459851

219 kaeus the Ducker (level 5, 0/41 HPs)
             Began as a Demonspawn Gladiator on Jan 19, 2021.
             Succumbed to kobold's curare-tipped dart
             ... on level 3 of the Dungeon.
             The game lasted 00:08:31 (3854 turns).

kaeus the Ducker (Demonspawn Gladiator)             Turns: 3854, Time: 00:08:31

Health: 0/41       AC:  3    Str: 15    XL:     5   Next: 64%
Magic:  5/5        EV: 14    Int:  9    God:
Gold:   151        SH:  0    Dex: 17    Spells: 4/4 levels left

rFire    + . .     SeeInvis .   m - +1 short sword (protect)
rCold    + . .     Faith    .   (no shield)
rNeg     . . .     Spirit   .   b - +0 leather armour
rPois    +         Reflect  .   (helmet restricted)
rElec    +         Harm     .   (no cloak)
rCorr    +         Rampage  .   (no gloves)
Will     .....                  (no boots)
Stlth    ++........             (no amulet)
HPRegen  0.13/turn              (no ring)
MPRegen  0.09/turn              (no ring)

@: lethally poisoned (0 -> -9), resistant, attractive, flying, slowed, very slow
A: antennae 1, thin skeletal structure 1, powered by death 2
a: no special abilities


You were on level 3 of the Dungeon.
You visited 1 branch of the dungeon, and saw 3 of its levels.

You collected 151 gold pieces.

Inventory:

Hand Weapons
 a - a +0 trident
 m - a +1 short sword of protection (weapon)
Armour
 b - a +0 leather armour (worn)
 c - a +0 helmet
Jewellery
 s - an uncursed ring of wizardry {unknown}
 t - an uncursed ring of flight {unknown}
Scrolls
 e - a scroll of fear {unknown}
 j - 2 scrolls of teleportation {unknown}
 k - a scroll of noise {unknown}
 l - 5 scrolls of identify {unknown}
 n - a scroll of remove curse {unknown}
 o - 2 scrolls of amnesia {unknown}
 p - a scroll of blinking {unknown}
Potions
 d - a potion of heal wounds {unknown}
 f - 2 potions of resistance
 g - a potion of mutation {unknown}
 h - 2 potions of flight
 i - a potion of ambrosia {unknown}
 q - a potion of degeneration {unknown}
 r - a potion of attraction


   Skills:
 + Level 3.4 Fighting
 + Level 1.0 Short Blades
 - Level 3.4 Polearms
 - Level 1.7 Throwing
 + Level 2.2 Armour
 + Level 3.7 Dodging


You had 4 spell levels left.
You didn't know any spells.
Your spell library contained the following spells:

 Spells                   Type           Power        Failure   Level
 Animate Skeleton         Necr           0%           45%         1
 Apportation              Tloc           0%           45%         1
 Corona                   Hex            0%           45%         1
 Summon Small Mammal      Summ           0%           45%         1


Dungeon Overview and Level Annotations

Branches:
Dungeon (3/15)

Altars:


Innate Abilities, Weirdness & Mutations

You have a pair of small antennae on your head.
You have a somewhat thin skeletal structure. (Dex +2, Stealth)
You regenerate health from kills.


Message History

You feel sick.
Items here: (( ) †.
You feel very sick.
There is an open door, spattered with blood here.
Items here: ( )) †.
You feel sick.
* * * LOW HITPOINT WARNING * * *
You feel sick.
It was a potion of resistance.
You feel protected.
* * * LOW HITPOINT WARNING * * *
You feel sick.
It was a potion of flight.
You feel very buoyant.
You fly up into the air.
* * * LOW HITPOINT WARNING * * *
You feel sick.
It was a potion of attraction.
You feel attractive to monsters.
You die...

#.#############
#.# ♣♣ ♣P #.# P
... #.#PP.÷..
#.#P....$
#.)....§.
#)#..÷... ##(#
P(... #@.# P..≈
#..# ♣♣♣
#..#### #.....#
#.....#
#####(####
#...#.# #...#.#
#.[.#.#


There were no monsters in sight!

Vanquished Creatures
  Robin (D:2)
  3 adders (D:2)
  8 gnolls
  An ooze (D:2)
  4 worms
  2 leopard geckos (D:1)
  3 orcs (D:3)
  A ball python (D:2)
  4 giant cockroaches
  18 goblins
  9 hobgoblins
  6 jackals
  A quokka (D:3)
  6 bats (D:1)
  6 frilled lizards
  9 kobolds
  5 rats
87 creatures vanquished.

Vanquished Creatures (others)
  9 plants (D:3)
9 creatures vanquished.

Grand Total: 96 creatures vanquished

Notes
Turn   | Place    | Note
-------+----------+-------------------------------------------
     0 | D:1      | kaeus the Demonspawn Gladiator began the quest for the Orb.
     0 | D:1      | Reached XP level 1. HP: 16/16 MP: 1/1
   199 | D:1      | Gained mutation: You have a somewhat thin skeletal
                  | structure. (Dex +2, Stealth) [demonic ancestry]
   199 | D:1      | Reached XP level 2. HP: 5/22 MP: 2/2
   641 | D:1      | Reached skill level 1 in Armour
   643 | D:1      | Gained mutation: You regenerate a little health from kills.
                  | [demonic ancestry]
   643 | D:1      | Reached XP level 3. HP: 20/28 MP: 3/3
  1600 | D:2      | Gained mutation: You regenerate health from kills. [demonic
                  | ancestry]
  1600 | D:2      | Reached XP level 4. HP: 3/34 MP: 4/4
  2665 | D:2      | You fall into a shaft and drop 1 floor!
  3071 | D:2      | Noticed Robin
  3075 | D:2      | Gained mutation: You have a pair of small antennae on your
                  | head. [demonic ancestry]
  3075 | D:2      | Reached XP level 5. HP: 36/41 MP: 5/5
  3086 | D:2      | Killed Robin
  3400 | D:3      | Reached skill level 1 in Short Blades
  3853 | D:3      | HP: 2/41 [poisoned by kobold (curare-tipped dart)]
  3854 | D:3      | Succumbed to kobold's curare-tipped dart

Illustrated notes

Levels and vault maps discovered:
D:1:      saegor_arrival_miasma, layout_loops_ring
D:2:      layout_basic, serial_park_tiny_1, kennysheep_generic_room_13,
          uniq_robin
D:3:      layout_basic, lexackson_kobold_supper

Skill      XL: |  1  2  3  4  5 |
---------------+----------------+-----
Polearms       | 3 |  3.4
Armour         | 1 2 |  2.2
Dodging        | 3 |  3.7
Fighting       | 3 |  3.4
Short Blades   | 1 |  1.0
Throwing       | |  1.7

Action                   |  1- 3 |  4- 6 || total
-------------------------+-------+-------++-------
Melee: Trident           |   135 |    73 ||   208
       Short sword       |       |   135 ||   135
Throw: Throwing net      |     6 |       ||     6
  Use: Potion            |       |     3 ||     3
 Stab: Sleeping          |     5 |     4 ||     9
       Distracted        |       |     1 ||     1
Armor: Leather armour    |    39 |    42 ||    81
Dodge: Dodged            |   113 |   152 ||   265
